 Dungeon Crawl Stone Soup version 0.26-a0-1026-g544776af23 (webtiles) character file.

Game seed: 12820210155749907883

77 dolemite99 the Ruffian (level 4, 0/36 HPs)
             Began as a Ghoul Warper on Dec 10, 2020.
             Was an Initiate of Fedhas.
             Slain by a worm (6 damage)
             ... on level 2 of the Dungeon.
             The game lasted 00:03:01 (1636 turns).

dolemite99 the Ruffian (Ghoul Warper)               Turns: 1636, Time: 00:03:02

Health: 0/36       AC:  5    Str: 14 (15) XL:     4   Next: 33%
Magic:  5/5        EV: 10    Int: 13 (14) God:    Fedhas [......]
Gold:   56         SH:  0    Dex:  7 (8)  Spells: 6/6 levels left

rFire    . . .     SeeInvis .     - Unarmed
rCold    + . .     Faith    .   (no shield)
rNeg     + + +     Spirit   .   e - +0 ring mail
rPois    ∞         Reflect  .   (no helmet)
rElec    .         Harm     .   (no cloak)
rCorr    +         Rampage  .   (no gloves)
Will     .....                  (no boots)
Stlth    ..........             (no amulet)
HPRegen  0.00/turn              g - ring of resist corrosion
MPRegen  0.09/turn              l - +6 ring of intelligence

@: slowed, very slow
A: rotting body, claws 1, cold resistance 1, negative energy resistance 3,
inhibited regeneration, torment resistance, unbreathing
a: Renounce Religion


You were on level 2 of the Dungeon.
You worshipped Fedhas.
Fedhas was noncommittal.
You visited 1 branch of the dungeon, and saw 2 of its levels.

You collected 56 gold pieces.

Inventory:

Hand Weapons
 j - a +2 short sword of speed
Missiles
 h - 27 arrows
 i - 70 stones (quivered)
 n - 38 sling bullets
Armour
 a - a +0 leather armour
 e - a +0 ring mail (worn)
Jewellery
 g - a ring of resist corrosion (left claw)
 l - a +6 ring of intelligence (right claw)
Scrolls
 b - 3 scrolls of immolation {unknown}
 c - a scroll of blinking
 d - 4 scrolls of identify {@r1}
 k - 3 scrolls of teleportation {unknown}
 m - 2 scrolls of remove curse {unknown}
 o - a scroll of fear {unknown}


   Skills:
 - Level 2.1 Fighting
 - Level 0.8 Throwing
 - Level 0.8 Armour
 - Level 1.7 Dodging
 + Level 4.9 Unarmed Combat
 - Level 1.7 Spellcasting
 - Level 2.6 Translocations


You had 6 spell levels left.
You didn't know any spells.
Your spell library contained the following spells:

 Spells                   Type           Power        Failure   Level
 Blink                    Tloc           N/A          26%         2
 Gell's Gravitas          Tloc           #.........   47%         3
 Lesser Beckoning         Tloc           #.........   47%         3
 Teleport Other           Tloc           #.......     47%         3
 Passage of Golubria      Tloc           N/A          87%         4


Dungeon Overview and Level Annotations

Branches:
Dungeon (2/15)

Altars:
Fedhas
Qazlal
Uskayaw

Annotations:
D:2 Jessica


Innate Abilities, Weirdness & Mutations

Your body is rotting away.
You thrive by killing the living.
You are immune to poison.
You have sharp fingernails.
Your flesh is cold resistant. (rC+)
You are immune to negative energy. (rN+++)
You do not regenerate when monsters are visible.
You are immune to unholy pain and torment.
You can survive without breathing.


Message History

The puff of flame hits you. Jessica barely misses you.
You closely miss Jessica.
Jessica is heavily wounded.
Jessica closely misses you.
You barely miss Jessica.
Jessica is heavily wounded.
Jessica casts a spell.
Jessica blinks!
Jessica looks very angry.
You scratch the worm.
The worm is moderately wounded.
The worm bites you!
* * * LOW HITPOINT WARNING * * *
Jessica mumbles some strange words.
Jessica blinks!
You scratch the worm.
The worm is heavily wounded.
The worm bites you.
You die...
Fedhas appreciates your contribution to the ecosystem.

#. #. # ##.# #. ##############...
#.. #................ #...
#................ #....
#................ ##
#.....##................ .#
...(.Kw@.§...@.......... .###
#.....##................ #._#
#.... #..............<. ..## #.?.
#.............### .## ###
######...........#
###############...###...........#
..........................†......
#########.........###............
#.........# #............


You could see a worm, Jessica and a kobold.

Vanquished Creatures
  4 adders (D:2)
  An ooze (D:2)
  A worm (D:2)
  2 dart slugs
  A ball python (D:1)
  A giant cockroach (D:2)
  3 goblins
  3 hobgoblins
  5 kobolds
  6 bats
  2 frilled lizards
  A quokka skeleton (D:2)
  5 rats
35 creatures vanquished.

Vanquished Creatures (others)
  2 fungi (D:2)
  A plant (D:2)
3 creatures vanquished.

Grand Total: 38 creatures vanquished

Notes
Turn   | Place    | Note
-------+----------+-------------------------------------------
     0 | D:1      | dolemite99 the Ghoul Warper began the quest for the Orb.
     0 | D:1      | Reached XP level 1. HP: 17/17 MP: 2/2
   417 | D:1      | Reached skill level 3 in Unarmed Combat
   417 | D:1      | Reached XP level 2. HP: 21/24 MP: 3/3
   980 | D:2      | Reached XP level 3. HP: 28/29 MP: 4/4
  1016 | D:2      | Found a blossoming altar of Fedhas.
  1069 | D:2      | Found a stormy altar of Qazlal.
  1077 | D:2      | Reached skill level 4 in Unarmed Combat
  1087 | D:2      | Became a worshipper of Fedhas Madash
  1171 | D:2      | Found a hide-covered altar of Uskayaw.
  1344 | D:2      | Reached XP level 4. HP: 36/36 MP: 5/5
  1622 | D:2      | Noticed Jessica
  1636 | D:2      | Slain by a worm

Illustrated notes

Levels and vault maps discovered:
D:1:      minmay_arrival_hallway, layout_basic
D:2:      layout_basic, grunt_temple_overflow_forces_of_nature,
          marbit_many_paths, nicolae_overflow_hidden_temple, uniq_jessica

Skill      XL: |  1  2  3 |
---------------+----------+-----
Unarmed Combat | 3 4 |  4.9
Fighting       | |  2.1
Throwing       | |  0.8
Armour         | |  0.8
Dodging        | |  1.7
Spellcasting   | |  1.7
Translocations | |  2.6

Action                   |  1- 3 |  4- 6 || total
-------------------------+-------+-------++-------
Melee: Unarmed           |    82 |    32 ||   114
       Punch             |     1 |       ||     1
Throw: Boomerang         |     5 |       ||     5
       Stone             |    29 |    17 ||    46
  Use: Scroll            |     1 |       ||     1
       Potion            |       |     1 ||     1
Armor: Leather armour    |     6 |       ||     6
       Ring mail         |    17 |     6 ||    23
Dodge: Dodged            |    45 |    15 ||    60

Table legend: (Time is in decaauts)
 A = Elapsed time spent in this place.
 B = Non-inter-level travel time spent in this place.
 C = Inter-level travel time spent in this place.
 D = Time resting spent in this place.
 E = Time spent auto-exploring this place.
 F = Levels seen in this place.
 G = Mean time per level.
                   A        B        C        D        E       F      G
               +--------+--------+--------+--------+--------+-----+--------+
         Total |   1632 |   1550 |     82 |      0 |   1142 |   2 |  816.0 |
       Dungeon |   1632 |   1550 |     82 |      0 |   1142 |   2 |  816.0 |
               +--------+--------+--------+--------+--------+-----+--------+

Top non-repeatable levels by time:
     D:1: 962 daAuts
     D:2: 670 daAuts
